 Dungeon Crawl Stone Soup version 0.23-a0-586-gacb4b3f (webtiles) character file.

2553 galech the Chopper (level 9, -3/69 HPs)
             Began as a Demonspawn Fighter on Dec 18, 2018.
             Was a Believer of Okawaru.
             Shot with a bolt by an orc warrior (15 damage)
             ... in a bailey.
             The game lasted 00:10:27 (6892 turns).

galech the Chopper (Demonspawn Fighter)             Turns: 6892, Time: 00:10:28

Health: -3/69      AC: 22    Str: 17    XL:     9   Next: 31%
Magic:  9/9        EV:  4    Int:  9    God:    Okawaru [**....]
Gold:   477        SH: 10    Dex: 16    Spells: 8/8 levels left

rFire    + . .     SeeInvis +   a - +1 war axe
rCold    . . .     Gourm    .   c - +0 shield
rNeg     . . .     Faith    .   L - +0 plate armour
rPois    .         Spirit   .   (no helmet)
rElec    .         Reflect  .   (no cloak)
rCorr    .         Harm     .   p - +0 pair of gloves
MR       .....                  (no boots)
Stlth    ..........             x - amulet of regeneration
HPRegen  0.61/turn              w - ring of protection from fire
MPRegen  0.11/turn              A - ring of see invisible

@: sanguine armour, very slow
A: spiny 1, sanguine armour 2
a: Heroism, Renounce Religion


You were in a bailey.
You worshipped Okawaru.
Okawaru was pleased with you.
You were not hungry.

You visited 2 branches of the dungeon, and saw 9 of its levels.
You also visited: Sewer and Bailey.

You collected 477 gold pieces.

Inventory:

Hand Weapons
 a - a +1 war axe (weapon)
 G - the +2 trident of Valiance {pierce, Int+2 Dex+4}
   (You found it on level 5 of the Dungeon)

   It inflicts extra damage upon your enemies.
   It affects your intelligence (+2).
   It affects your dexterity (+4).
Armour
 c - a +0 shield (worn)
 p - a +0 pair of gloves (worn)
 E - a +0 ring mail
 L - a +0 plate armour (worn)
Jewellery
 w - a ring of protection from fire (left hand)
 x - an amulet of regeneration (around neck)
 y - an uncursed ring of protection from magic
 A - a ring of see invisible (right hand)
Wands
 d - a wand of random effects (17)
 n - a wand of polymorph (14)
 B - a wand of flame (16)
 I - a wand of acid (5)
Scrolls
 e - 2 scrolls of enchant armour
 g - a scroll of noise
 i - 7 scrolls of remove curse
 k - 7 scrolls of teleportation
 s - a scroll of amnesia
 v - a scroll of magic mapping
 C - 2 scrolls of random uselessness
 D - 4 scrolls of fear
 J - a scroll of silence
Potions
 h - 3 potions of brilliance {unknown}
 j - 5 potions of heal wounds
 l - 2 potions of resistance {unknown}
 m - 2 potions of agility {unknown}
 o - a potion of cancellation {unknown}
 q - 5 potions of degeneration {unknown}
 r - 2 potions of lignification {unknown}
 t - 5 potions of curing {unknown}
 u - a potion of haste {unknown}
 z - a potion of invisibility
 H - a potion of mutation {unknown}
 K - a potion of flight
Comestibles
 f - 13 rations


   Skills:
 + Level 5.9 Fighting
 + Level 7.5 Axes
 + Level 5.4 Armour
 + Level 2.7 Dodging
 + Level 0.8 Stealth
 + Level 5.7 Shields


You had 8 spell levels left.
You didn't know any spells.
Your spell library contained the following spells:

 Spells                   Type           Power        Failure   Level  Hunger
 Animate Skeleton         Necr           N/A          100%        1    ##.....
 Confusing Touch          Hex            #.....       100%        1    ##.....
 Pain                     Necr           #...         100%        1    ##.....
 Confuse                  Hex            #.......     100%        3    ####...
 Gell's Gravitas          Tloc           #.........   100%        3    ####...
 Regeneration             Chrm/Necr      #.........   100%        3    ####...
 Vampiric Draining        Necr           #.........   100%        3    ####...
 Animate Dead             Necr           N/A          100%        4    #####..
 Petrify                  Tmut/Erth      #.......     100%        4    #####..
 Metabolic Englaciation   Hex/Ice        #.........   100%        5    ######.
 Yara's Violent Unravell  Hex/Tmut       #.........   100%        5    ######.


Dungeon Overview and Level Annotations

Branches:
Dungeon (9/15)             Temple (1/1) D:6             Orc (0/2) D:9
   Lair: D:8-11

Altars:
Ashenzari
Cheibriados
Dithmenos
Elyvilon
Fedhas
Gozag
Hepliaklqana
Kikubaaqudgha
Nemelex Xobeh
Okawaru
Qazlal
Ru
Sif Muna
Uskayaw
Vehumet
Wu Jian
Xom
Yredelemnul
Zin
The Shining One

Shops:
D:5 [


Innate Abilities, Weirdness & Mutations

You are partially covered in sharp spines.
When seriously injured, your bleeding wounds create thick armour. (AC +9)


Message History

The orc warrior shoots a bolt.
The bolt hits you but does no damage.
You hear a splash.
You see here 3 bolts.
The orc shoots a bolt.
You block the bolt.
You hear a splash.
The orc warrior shoots a bolt.
The bolt hits you!
* * * LOW HITPOINT WARNING * * *
You hear a splash.
You see here 2 bolts.
The orc shouts!
The orc warrior shoots a bolt.
The bolt hits you.
* * * LOW HITPOINT WARNING * * *
You hear a splash.
The orc warrior shoots a bolt.
You block the bolt.
You hear a splash.
You see here 2 bolts.
The orc warrior shoots a bolt.
You block the bolt.
You hear a splash.
The orc warrior shoots a bolt.
The bolt hits you!
You die...

#≈≈≈≈≈≈≈≈≈.....(#
#≈≈≈≈≈≈≈≈.....(#
#≈≈≈≈≈≈≈≈......#
#≈≈≈≈≈≈≈.....(#
#(≈≈≈≈≈≈......#
#((≈((((......#
#(≈≈≈≈≈≈(..(..#
##(≈≈≈≈≈≈......#
#@≈≈≈≈≈≈≈......#
#≈≈≈≈≈≈≈≈......#
#≈≈≈≈≈≈≈≈≈......#
#≈≈≈≈≈≈≈≈≈≈......#
≈≈≈≈≈≈#o#≈≈......#
≈≈≈≈≈≈#oo##≈......#
≈≈≈≈≈≈≈o.^. ≈.
≈≈≈≈≈≈≈≈##.## ≈≈


You could see 2 orc warriors and 2 orcs.

Vanquished Creatures
  2 orc warriors (D:6)
  3 ice beasts (D:7)
  A phantom (D:9)
  An ogre (D:6)
  2 sky beasts
  A centaur (D:6)
  A crocodile (Sewer)
  5 bullfrogs
  2 scorpions
  2 crimson imps
  2 howler monkeys
  A bullfrog zombie (D:7)
  A centaur skeleton (D:6)
  4 orc priests
  3 jellies (D:5)
  3 hounds
  5 orc wizards
  7 worker ants
  2 hound skeletons
  3 gnolls (D:4)
  12 adders
  2 river rats (D:5)
  A shadow imp (D:5)
  3 adder skeletons
  4 worms
  4 dart slugs
  2 leopard geckos
  14 orcs
  10 bats
  11 giant cockroaches
  13 goblins
  9 hobgoblins
  16 jackals
  6 quokkas
  2 ball pythons
  7 frilled lizards
  9 kobolds
  A leopard gecko skeleton (D:4)
  5 rats
182 creatures vanquished.

Notes
Turn   | Place    | Note
-------+----------+-------------------------------------------
     0 | D:1      | galech the Demonspawn Fighter began the quest for the Orb.
     0 | D:1      | Reached XP level 1. HP: 18/18 MP: 1/1
    45 | D:1      | Gained mutation: When seriously injured, your bleeding
                  | wounds create armour. (AC +9) [demonic ancestry]
    45 | D:1      | Reached XP level 2. HP: 14/24 MP: 2/2
   748 | D:2      | Reached skill level 2 in Axes
   838 | D:2      | Reached XP level 3. HP: 27/29 MP: 3/3
   965 | D:2      | Found a sparkling altar of Nemelex Xobeh.
  1285 | D:2      | Reached XP level 4. HP: 34/37 MP: 4/4
  2220 | D:3      | Found a stormy altar of Qazlal.
  2685 | D:4      | Found a white marble altar of Elyvilon.
  2695 | D:4      | Reached XP level 5. HP: 39/42 MP: 5/5
  2739 | D:4      | Reached skill level 3 in Axes
  2761 | D:4      | Reached skill level 1 in Dodging
  3118 | D:4      | Reached XP level 6. HP: 45/48 MP: 6/6
  3248 | D:4      | Noticed a sky beast
  3261 | D:4      | Killed a sky beast
  3356 | D:4      | Found an ornate altar of the Wu Jian Council.
  3415 | D:5      | Entered Level 5 of the Dungeon
  3421 | D:5      | Reached skill level 4 in Axes
  3560 | D:5      | HP: 1/48 [orc wizard/puff of flame (4)]
  3565 | D:5      | Gained mutation: When seriously injured, your bleeding
                  | wounds create thick armour. (AC +9) [demonic ancestry]
  3565 | D:5      | Reached XP level 7. HP: 14/54 MP: 7/7
  3629 | D:5      | Found Siugep's Antique Armour Emporium.
  3763 | D:5      | Got a slimy trident
  3764 | D:5      | Identified the cursed +2 trident of Valiance {pierce, Int+2
                  | Dex+4} (You found it on level 5 of the Dungeon)
  3846 | D:5      | Reached skill level 5 in Axes
  3937 | D:5      | Found a glowing drain.
  3951 | Sewer    | Entered a sewer
  4233 | D:5      | Gained mutation: You are partially covered in sharp spines.
                  | [demonic ancestry]
  4233 | D:5      | Reached XP level 8. HP: 56/61 MP: 8/8
  4241 | D:5      | Reached skill level 5 in Shields
  4244 | D:5      | Reached skill level 5 in Fighting
  4548 | D:5      | Found a blossoming altar of Fedhas.
  4683 | D:6      | Found a snail-covered altar of Cheibriados.
  4726 | D:6      | Found a staircase to the Ecumenical Temple.
  4732 | Temple   | Entered the Ecumenical Temple
  4739 | Temple   | Became a worshipper of Warmaster Okawaru
  5085 | D:6      | Reached skill level 6 in Axes
  5181 | D:6      | Reached * piety under Okawaru
  6109 | D:7      | Reached skill level 7 in Axes
  6109 | D:7      | Reached XP level 9. HP: 69/69 MP: 9/9
  6135 | D:7      | Reached skill level 5 in Armour
  6345 | D:7      | You fall through a shaft for 2 floors!
  6390 | D:9      | Reached ** piety under Okawaru
  6422 | D:9      | Found a flagged portal.
  6438 | Bailey   | Entered a bailey
  6892 | Bailey   | Shot with a bolt by an orc warrior

Vault maps used:
D:1:      dpeg_arrival_long_road
D:2:      nicolae_overflow_crystal_walls, minmay_circle_x
D:3:      grunt_qazlal_sundering
D:4:      lemuel_coloured_pillars_altar, minmay_misc_feat_ornament,
          elyvilon_altar_3
D:5:      minmay_diamond_boxcup, fedhas_altar_4, first_ration,
          portal_sewer_entry_e, serial_shops, kennysheep_little_box
D:6:      cheibrodos_two_vegetables, kennysheep_slug_shrine,
          minmay_temple_entry_hall
D:7:      hangedman_cross_stitches
D:9:      lemuel_doored_altar, orc_0_dummy, enter_bailey_3,
          gammafunk_ghost_spectres
Temple:   nicolae_temple_no_exploring_needed
Sewer:    sewer_the_crocodile
Bailey:   bailey_polearm_2, bailey

Skill      XL: |  1  2  3  4  5  6  7  8  9 |
---------------+----------------------------+-----
Shields        | 3 4 5 |  5.7
Axes           | 2 3 4 5 7 |  7.5
Armour         | 3 4 5 |  5.4
Dodging        | 1 2 |  2.7
Fighting       | 4 5 |  5.9
Stealth        | |  0.8

Action                   |  1- 3 |  4- 6 |  7- 9 || total
-------------------------+-------+-------+-------++-------
Melee: War axe           |   147 |   280 |   292 ||   719
       Trident           |       |       |    10 ||    10
  Use: Scroll            |     1 |     6 |     8 ||    15
       Potion            |       |     2 |     2 ||     4
  Eat: Chunk             |     2 |     7 |    11 ||    20
       Ration            |       |       |     1 ||     1
Armor: Scale mail        |    92 |   102 |       ||   194
       Ring mail         |       |    34 |    44 ||    78
       Plate armour      |       |       |    73 ||    73
Dodge: Dodged            |    42 |   102 |    65 ||   209
Block: Shield            |    84 |   158 |   185 ||   427

Table legend:
 A = Non-vault XP
 B = Vault XP
 C = Vault XP percentage of total XP
 D = Non-vault monster count
 E = Vault monster count
 F = Vault count percentage of total count
                 A         B        C        D         E       F
            +---------+---------+-------+---------+---------+-------
      Total |    2472 |    1176 |  32.2 |     138 |      44 |  24.2
            +---------+---------+-------+---------+---------+-------
        D:1 |      37 |       0 |   0.0 |      22 |       0 |   0.0
        D:2 |      63 |      12 |  16.0 |      26 |       7 |  21.2
        D:3 |      61 |       0 |   0.0 |      16 |       0 |   0.0
        D:4 |     325 |       0 |   0.0 |      21 |       0 |   0.0
        D:5 |     759 |     228 |  23.1 |      26 |      17 |  39.5
        D:6 |    1032 |     148 |  12.5 |      24 |       3 |  11.1
        D:7 |       3 |     665 |  99.6 |       1 |       7 |  87.5
        D:9 |     192 |       8 |   4.0 |       2 |       4 |  66.7
      Sewer |       0 |     115 | 100.0 |       0 |       6 | 100.0
            +---------+---------+-------+---------+---------+-------
